 Dungeon Crawl Stone Soup version 0.21.1-1-g345015fe64 (webtiles) character file.

82 NullDivider the Charlatan (level 4, 0/23 HPs)
             Began as a Spriggan Artificer on Apr 27, 2018.
             Slain by an adder (1 damage)
             ... on level 3 of the Dungeon.
             The game lasted 00:07:03 (4234 turns).

NullDivider the Charlatan (Spriggan Artificer)      Turns: 4234, Time: 00:07:03

Health: 0/23       AC:  2    Str:  8    XL:     4   Next: 21%
Magic:  8/8        EV: 19    Int: 12    God:
Gold:   80         SH:  0    Dex: 17    Spells: 3/3 levels left

rFire    . . .     SeeInvis +   a - +0 short sword
rCold    + + .     Gourm    .   (shield restricted)
rNeg     . . .     Faith    .   b - +0 robe
rPois    .         Spirit   .   (helmet restricted)
rElec    .         Reflect  .   (no cloak)
rCorr    .         Harm     .   (gloves unavailable)
MR       .....                  (boots unavailable)
Stlth    ++........             (no amulet)
HPRegen  0.07/turn              m - ring of protection from cold
MPRegen  0.11/turn              t - ring of protection from cold

@: lethally poisoned (0 -> -8), very quick
A: very small, unfitting armour, see invisible, herbivore, speed 3, slow
metabolism 2
a: no special abilities


You were on level 3 of the Dungeon.
You were very hungry.

You visited 1 branch of the dungeon, and saw 3 of its levels.

You collected 80 gold pieces.

Inventory:

Hand Weapons
 a - a +0 short sword (weapon)
Armour
 b - a +0 robe (worn)
Jewellery
 m - a ring of protection from cold (left hand)
 t - a ring of protection from cold (right hand)
Wands
 c - a wand of flame (9)
 d - a wand of enslavement (15)
 e - a wand of random effects (15)
Scrolls
 i - 2 scrolls of remove curse
 j - a scroll of enchant armour
 k - a scroll of fear {unknown}
 l - a scroll of random uselessness {unknown}
 o - a scroll of teleportation {unknown}
Potions
 h - a potion of brilliance {unknown}
 n - a potion of heal wounds {unknown}
 p - a potion of mutation {unknown}
 q - a potion of might {unknown}
 r - a potion of resistance {unknown}
 s - 2 potions of haste
 u - a potion of invisibility {unknown}
Comestibles
 f - 7 rations


   Skills:
 * Level 2.0 Fighting
 + Level 1.9 Short Blades
 + Level 3.7 Dodging
 + Level 3.0 Stealth
 + Level 4.6 Evocations


You had 3 spell levels left.
You didn't know any spells.

Dungeon Overview and Level Annotations

Branches:
Dungeon (3/15)

Altars:


Innate Abilities, Weirdness & Mutations

You are very small and have problems with some larger weapons.
You are too small for most types of armour.
You have supernaturally acute eyesight. (SInv)
You are a herbivore.
You cover ground extremely quickly.
You need consume almost no food.


Message History

The adder is almost dead.
The adder bites you.
You miss the adder.
The adder is almost dead.
The adder bites you.
* * * LOW HITPOINT WARNING * * *
Evoke which item? (* to show all) (? for menu, Esc to quit)
Aiming: Throw Flame
Press: ? - help, Shift-Dir - straight line, f - adder
Aim: an adder (almost dead)
The puff of flame misses the adder.
You feel sick. The adder bites you.
* * * LOW HITPOINT WARNING * * *
You are more poisoned.
The adder poisons you! The adder misses you.
Evoke which item? (* to show all) (? for menu, Esc to quit)
Aiming: Throw Flame
Press: ? - help, Shift-Dir - straight line, f/p - adder
Aim: an adder (almost dead)
The puff of flame misses the adder.
The adder bites you.
You die...

#.........
#.#
#..######.
#+# #..#
#..####
#(....#
##....###
#.......+ ..
##....###....
#..@........
####S#####.
#...# .....#
#.##...# #
#####


You could see an adder.

Vanquished Creatures
  An adder (D:2)
  An ooze (D:1)
  A worm (D:2)
  3 dart slugs
  4 leopard geckos
  4 orcs
  2 giant cockroaches
  4 goblins (D:1)
  4 hobgoblins
  5 jackals
  6 kobolds
  A quokka (D:2)
  2 ball pythons (D:1)
  2 bats
  3 frilled lizards
  8 rats
51 creatures vanquished.

Notes
Turn   | Place    | Note
-------+----------+-------------------------------------------
     0 | D:1      | NullDivider the Spriggan Artificer began the quest for the Orb.
     0 | D:1      | Reached XP level 1. HP: 9/9 MP: 4/4
    88 | D:1      | Reached skill level 1 in Fighting
   455 | D:1      | Reached XP level 2. HP: 14/14 MP: 6/6
  1484 | D:1      | Reached XP level 3. HP: 3/18 MP: 7/7
  3416 | D:2      | Reached XP level 4. HP: 18/23 MP: 8/8
  4233 | D:3      | HP: 1/23 [adder (3)]
  4234 | D:3      | Slain by an adder

Skill      XL: |  1  2  3  4 |
---------------+-------------+-----
Fighting       | 1 2 |  2.0
Stealth        | 2 3 |  3.0
Short Blades   | |  1.9
Dodging        | |  3.7
Evocations     | |  4.6

Action                   |  1- 3 |  4- 6 || total
-------------------------+-------+-------++-------
Melee: Short sword       |   206 |    63 ||   269
Evoke: Wand              |     1 |     5 ||     6
  Use: Scroll            |       |     3 ||     3
 Stab: Sleeping          |     7 |     3 ||    10
Armor: Robe              |    12 |     2 ||    14
Dodge: Dodged            |   174 |    46 ||   220
